Cogmind - Beta 13 @@@ ROGUE MODE // 2024.07.05 @ 01:14:21 Player: visilii Result: Destroyed by G-34 Mercenary with Small Laser Performance ------------- Evolutions (1) 500 Regions Visited (2) 400 Robots Destroyed (21) 105 Value Destroyed (392) 392 Prototype IDs (0) 0 Alien Tech Used (0) 0 Bonus (0) 0 TOTAL SCORE: 1397 Bonus ------- None Cogmind --------- Core Integrity 0/400 Matter 124/300 Energy 100/100 System Corruption 0% Temperature Cool (6) Movement Core (1350) Ox26 Location -9/Materials Parts ------- > --- POWER (2) -------- (None) > --- PROPULSION (2) --- (None) > --- UTILITY (2) ------ Huge Storage Unit Propulsion Shielding > --- WEAPON (3) ------- (None) > --- INVENTORY (25) --- Light Treads Flight Unit Medium Storage Unit Light Armor Plating Medium Laser Peak State ------------ > --- POWER ------------ Light Ion Engine > --- PROPULSION ------- Wheel Compact Wheel > --- UTILITY ---------- Huge Storage Unit Sensor Array > --- WEAPON ----------- Medium Laser Light Assault Rifle Mini Grenade Launcher > --- INVENTORY -------- Light Ion Engine Light Treads Wheel Wheel Flight Unit Flight Unit Medium Storage Unit Propulsion Shielding Light Armor Plating Light Assault Rifle Grenade Launcher Mining Claw Mining Claw [Rating: 10] Favorites ----------- Power Light Ion Engine Engine Light Ion Engine Propulsion Wheel Treads Light Treads Wheel Wheel Flight Unit Flight Unit Utility Huge Storage Unit Device Sensor Array Storage Huge Storage Unit Processor Visual Processing Unit Protection Propulsion Shielding Weapon Light Assault Rifle Energy Gun Medium Laser Ballistic Gun Light Assault Rifle Launcher Grenade Launcher Special Weapon Welding Torch Slashing Weapon Mining Claw Build | -11 -10 -9 ------- Run | Yrd Mat Mat Slots Evolved 2 | . . 2 Power 1 | . . 1 Propulsion . | . . . Utility . | . . . Weapon 1 | . . 1 Parts Attached 37 | 5 21 11 Power 2 | 1 . 1 Engine 2 | 1 . 1 Core . | . . . Reactor . | . . . Propulsion 12 | 2 8 2 Treads 1 | . 1 . Leg . | . . . Wheel 8 | 2 5 1 Hover . | . . . Flight 3 | . 2 1 Utility 8 | . 7 1 Device 2 | . 2 . Storage 1 | . 1 . Processor 1 | . 1 . Hackware . | . . . Protection 4 | . 3 1 Artifact . | . . . Weapon 15 | 2 6 7 Energy Gun 4 | 1 3 . Energy Cannon . | . . . Ballistic Gun 4 | 1 1 2 Ballistic Cannon . | . . . Launcher 4 | . 2 2 Special Weapon 1 | . . 1 Impact Weapon . | . . . Slashing Weapon 2 | . . 2 Piercing Weapon . | . . . Special Melee Weapon . | . . . Unidentified Prototypes . | . . . Parts Lost 15 | . 2 13 Power 2 | . . 2 Propulsion 4 | . 1 3 Utility 2 | . 1 1 Weapon 7 | . . 7 Highest Loss Streak 7 | . 2 7 To Critical Strikes . | . . . Average Slot Usage (%) 86 | . 91 56 Engine 12 | . 14 5 Wheel 23 | . 25 12 Flight 1 | . 1 . Device 3 | . 3 5 Storage 9 | . 9 11 Processor 2 | . 3 . Protection 4 | . 5 2 Energy Gun 11 | . 13 1 Ballistic Gun 12 | . 13 5 Launcher 1 | . . 6 Naked Turns . | . . . Heaviest Build 89 | 6 89 88 Greatest Support 26 | 20 26 26 Greatest Overweight (x) 27 | . 11 27 Average Overweight (x) 2 | . 2 5 Largest Inventory Capacity 25 | 5 25 25 Average Capacity 18 | 5 18 25 Most Carried 14 | 5 13 14 Average Carried 7 | 2 7 9 Final Capacity 25 | 5 25 25 Final Carried 13 | 3 13 5 Class Distribution -------------------- 100% | Mutant Dominant Class ---------------- Mutant | -10/Materials Mutant | -9/Materials Resources | -11 -10 -9 ----------- Run | Yrd Mat Mat Matter Collected 555 | 254 257 44 Remotely . | . . . Salvage Created 455 | 59 287 109 Parts 38 | 5 24 9 Haulers Intercepted . | . . . Recyclers Shooed 1 | . . 1 Parts Field Recycled . | . . . Retrieved Matter . | . . . Parts Self-Destructed . | . . . Prevented . | . . . Kills | -11 -10 -9 ------- Run | Yrd Mat Mat Combat Hostiles Destroyed 14 | 1 7 6 Guns 8 | 1 6 1 AOE 6 | . 1 5 Classes Destroyed 7 | 2 3 2 Worker 2 | 1 1 . Builder 3 | . 2 1 Recycler 1 | . . 1 Watcher 1 | . 1 . Swarmer 7 | . 3 4 Grunt 5 | 1 4 . Sentry 2 | . . 2 Best Kill Streak 7 | 1 3 7 Combat Bots Only 3 | 1 3 3 Max Kills in Single Turn 3 | 1 2 3 Gunslinging 1 | . 1 . Exploded 3 | . 1 3 Melee . | . . . Uniques/NPCs Destroyed . | . . . Combat | -11 -10 -9 -------- Run | Yrd Mat Mat Hostile Shots Fired 190 | 2 32 156 Missed 52 | 1 8 43 Damage Taken 1445 | 10 307 1128 Core 515 | 10 97 408 Absorbed by Shields . | . . . Redirected to Shielding 21 | . 15 6 Core Remaining (%) 76 | 96 57 . Volleys Fired 72 | 4 47 21 Largest 2 | 2 2 2 Hottest 70 | 70 70 60 Shots Fired 128 | 8 90 30 Gun 111 | 8 86 17 Cannon . | . . . Launcher 17 | . 4 13 Special . | . . . Kinetic 66 | 4 45 17 Thermal 45 | 4 41 . Explosive 17 | . 4 13 Electromagnetic . | . . . Robot Hit Streak 9 | 3 7 9 Robot Miss Streak 6 | 1 6 4 Penetration Max . | . . . Secondary Targets 3 | . 3 . Max Gunslinging Chain 1 | . 1 . Shots Hit Robots 68 | 5 45 18 Core Hits 40 | 3 21 16 Critical Kills . | . . . Critical Parts Destroyed . | . . . Critical Strikes 1 | . 1 . Burn 1 | . 1 . Melee Attacks . | . . . Impact . | . . . Slashing . | . . . Piercing . | . . . Sneak Attacks . | . . . Combat Hostiles . | . . . Follow-up Attacks . | . . . Damage Inflicted 1368 | 49 695 624 Guns 563 | 49 451 63 Cannons . | . . . Explosions 805 | . 244 561 Melee . | . . . Ramming . | . . . Kinetic 289 | 13 213 63 Thermal 274 | 36 238 . Explosive 805 | . 244 561 Electromagnetic . | . . . Impact . | . . . Slashing . | . . . Piercing . | . . . Highest Corruption . | . . . Average Corruption . | . . . Corruption Purged . | . . . Corruption Blocked . | . . . Overload Shots . | . . . Overflow Damage 51 | . 18 33 Projectiles . | . . . Explosions 51 | . 18 33 Melee . | . . . Knockbacks . | . . . Impact . | . . . Kinetic . | . . . Secondary . | . . . Self-Inflicted Damage 89 | . 39 50 Shots 5 | . 1 4 Rammed . | . . . Targets Rammed . | . . . Kicked . | . . . Crushed . | . . . Highest Temperature 246 | 46 246 24 Average Temperature 56 | 23 62 9 Received Heat Transfer 294 | 6 132 156 Effects 2 | . 2 . Interference 2 | . 2 . Siege Activations . | . . . Robots Corrupted . | . . . Combat Hostiles . | . . . Parts Fried . | . . . Impact Corruptions . | . . . Robots Melted . | . . . Combat Hostiles . | . . . Parts Melted 1 | . 1 . Heat Transferred 888 | 111 777 . Parts Sabotaged . | . . . Parts Stolen . | . . . Parts Stripped . | . . . Power Chain Reactions . | . . . Alert | -11 -10 -9 ------- Run | Yrd Mat Mat Peak Influence 178 | 25 178 113 Initial 16 | . 16 12 Average 48 | 5 50 64 Maximum Alert Level . | . . . Low Security (%) 100 | 100 100 100 Level 1 . | . . . Level 2 . | . . . Level 3 . | . . . Level 4 . | . . . Level 5 . | . . . High Security . | . . . Max Security . | . . . Squads Dispatched . | . . . Investigation . | . . . Extermination . | . . . Reinforcement . | . . . Assault . | . . . Garrison . | . . . Intercept . | . . . Searches Triggered . | . . . Construction Impeded . | . . . Haulers Reinforced . | . . . Active Scanning Responses . | . . . Cargo Convoy Interrupts . | . . . Stealth | -11 -10 -9 --------- Run | Yrd Mat Mat Distress Signals 4 | . 2 2 Communications Jammed . | . . . Distress Signals . | . . . Times Spotted 28 | 1 15 12 Peak Tracking Total 6 | 1 4 6 Tactical Retreats . | . . . Traps | -11 -10 -9 ------- Run | Yrd Mat Mat Traps Triggered . | . . . Indirectly . | . . . Trap Hack Attempts . | . . . Triggered . | . . . Disarmed . | . . . Reprogrammed . | . . . Reused . | . . . Traps Extracted . | . . . Installed . | . . . Triggered . | . . . Machines | -11 -10 -9 ---------- Run | Yrd Mat Mat Machines Disabled 1 | . 1 . Max in Single Turn 1 | . 1 . Machines Repaired . | . . . Machines Dismantled . | . . . Machines Sabotaged . | . . . Overloaded Fab Kills . | . . . Hacking | -11 -10 -9 --------- Run | Yrd Mat Mat Machines Accessed 5 | . 5 . Terminals 4 | . 4 . Fabricators . | . . . Repair Stations . | . . . Recycling Units 1 | . 1 . Scanalyzers . | . . . Garrison Access . | . . . Total Hacks 18 | . 18 . Successful 16 | . 16 . Failed 2 | . 2 . Catastrophic 1 | . 1 . Database Lockouts . | . . . Manual . | . . . Terminals 13 | . 13 . Fabricators . | . . . Repair Stations . | . . . Recycling Units 5 | . 5 . Scanalyzers . | . . . Garrison Access . | . . . Terminal Hacks 11 | . 11 . Record 6 | . 6 . Alert Level 3 | . 3 . Locate Traps 1 | . 1 . Zone Layout 1 | . 1 . Fabricator Hacks . | . . . Repair Station Hacks . | . . . Recycling Unit Hacks 5 | . 5 . Recycle Component 2 | . 2 . Process 1 | . 1 . Report Inventory 1 | . 1 . Retrieve Matter 1 | . 1 . Scanalyzer . | . . . Garrison Access Hacks . | . . . Unauthorized Hacks . | . . . Terminals . | . . . Fabricators . | . . . Repair Stations . | . . . Recycling Units . | . . . Scanalyzers . | . . . Garrison Access . | . . . Data Cores Recovered . | . . . Used . | . . . Hacking Detections 4 | . 4 . Full Trace Events 1 | . 1 . Feedback Events . | . . . Feedback Blocked . | . . . Robot Schematics Acquired . | . . . Robots Built . | . . . Authchips . | . . . Time . | . . . Total Robot Build Rating . | . . . Part Schematics Acquired . | . . . Parts Built . | . . . Authchips . | . . . Time . | . . . Total Part Build Rating . | . . . Parts Repaired . | . . . Time . | . . . Parts Recycled 2 | . 2 . Recycled Matter 238 | . 238 . Retrieved Matter . | . . . Retrieved Components . | . . . Parts Scanalyzed . | . . . Part Schematics Acquired . | . . . Parts Damaged . | . . . Bothacking | -11 -10 -9 ------------ Run | Yrd Mat Mat Used RIF Installer . | . . . Robots Hacked . | . . . Non-combat . | . . . Combat . | . . . Robot Hacks Applied . | . . . Relay Couplers Released . | . . . Fabnet Peak Effective % . | . . . Robots Rewired . | . . . Allies Hacked . | . . . Hacks Repelled . | . . . Allies | -11 -10 -9 -------- Run | Yrd Mat Mat Total Allies . | . . . Largest Group . | . . . Highest-Rated Group . | . . . Highest-Rated Ally . | . . . Total Orders . | . . . Ally Attacks . | . . . Total Damage . | . . . Kills . | . . . Allies Corrupted . | . . . Allies Melted . | . . . Intel | -11 -10 -9 ------- Run | Yrd Mat Mat Robot Analysis Total . | . . . Derelict Logs Recovered . | . . . Drone Launches . | . . . Drone Recoveries . | . . . Exploration | -11 -10 -9 ------------- Run | Yrd Mat Mat Turns Passed 1275 | 104 981 190 Spaces Moved 815 | 111 648 56 Core 41 | 39 . 2 Treads . | . . . Legs . | . . . Wheels 769 | 72 644 53 Hover . | . . . Flight 5 | . 4 1 Fastest Speed 50 | 50 80 135 Average Speed 118 | 69 116 229 Slowest Speed 1720 | 80 917 1720 Overloaded Moves . | . . . Propulsion Burnouts . | . . . Robots Hopped . | . . . Cave-ins Triggered . | . . . Exploration Rate (%) 25 | 5 57 13 Regions Visited 2 Branch Regions . Pre-discovered Areas . | . . . Known Exits Taken . | . . . Unknown Exits Taken 2 | 1 1 . Scrap Searched . | . . . Spaces Dug . | . . . Terrain Destroyed 76 | . 26 50 Melee . | . . . Projectile . | . . . AOE 76 | . 26 50 Terrain Rammed . | . . . Walls Destroyed . | . . . Machines Disabled . | . . . Actions | -11 -10 -9 --------- Run | Yrd Mat Mat Total 1014 | 133 787 94 Wait 45 | . 45 . Move 813 | 110 647 56 Hop . | . . . Pick Up 35 | 11 21 3 Fast Attach . | . . . Attach 20 | 5 6 9 Detach 2 | . 2 . Swap 17 | . 15 2 Drop 10 | 3 4 3 Fire 72 | 4 47 21 Melee . | . . . Ram . | . . . Kick . | . . . Crush . | . . . Escape Stasis . | . . . Rewire . | . . . Trap . | . . . Miscellaneous . | . . . Route ------- -11/Scrapyard -10/Materials (discovered 2 exits: [*Mat x2]) -9/Materials History --------- Turn | Location | Event 2 | -11/Scrapyard | Met Revision 17 81 | -11/Scrapyard | Discovered new exit (range 8) 105 | -11/Scrapyard | Entered Materials 317 | -10/Materials | Discovered new exit (range 3) 332 | -10/Materials | Build established: Mutant 847 | -10/Materials | Discovered new exit (range 15) 1086 | -10/Materials | Entered another Materials area 1086 | -9/Materials | Evolved 2 slots: Power x1, Weapon x1 1209 | -9/Materials | Lost 7 parts (1p2n1u3w) 1242 | -9/Materials | Core integrity fell below 50% 1267 | -9/Materials | Core integrity fell below 20% 1276 | -9/Materials | Destroyed by G-34 Mercenary with Small Laser Last Messages --------------- K-01 Serf collects debris. Welding Torch destroyed. K-01 Serf collects debris. R-06 Scavenger collects Flight Unit. S-10 Pest destroyed. K-01 Serf collects debris. Lgt. Ion Engine destroyed. Lgt. Assault Rifle destroyed. K-01 Serf collects debris. Mining Claw destroyed. K-01 Serf collects debris. K-01 Serf cleans the Scanalyzer. U-05 Engineer builds a Wall. K-01 Serf collects debris. K-01 Serf cleans the Scanalyzer. U-05 Engineer lays Concrete. K-01 Serf collects debris. U-05 Engineer lays Concrete. K-01 Serf collects debris. [Achievement: First Step to Greatness] Map ----- +----------------------------------------------------+ | ?????????????????????????????????????????????????? | | ?????????????????????????????????????????????????? | | ????????# ?????????????????????????????????????? | | ????????# ?????????????????????????????????????? | | ????????# +????????????????????????????????????? | | ????????# #????????????????????????????????????? | | ????????# #???"????????????????????????????????? | | ????????# #???"????????????????????????????????? | | ????????# #??? ???????????????????????????????? | | ????????# #??? ???????????????????????????????? | | ????????# #???#+#??????????????????????????????? | | ????????# #???# #??????????????????????????????? | | ????????# #???# #??########????????????????????? | | ????????# #???# #??# =#????????????????????? | | ######### ##### #### #????????????????????? | | + ^ #????????????????????? | | ### #????????????????????? | | # #?????????"??????????? | | """ """ ## [ #???????? ???????????? | | """ ] "" ##+###########+##??????????? | | """ ]] "" ???????????? | | u ?????????????? | | w k ??????????????? | | ################ # ######+####?????????????? | | ??????????????# s #?????????????? | | ??????????????# ## @ g% "" #?????????????? | | ??????????????# # # s ""S #?????????????? | | ??????????????## # "" #?????????????? | | ???????????????# # !! #?????????????? | | ??????????????## ## ! #?????????????? | | ???????????????## ##############?????????????? | | ????????????????# ??????????????????????????? | | ????????????????# ?????????????????????????? | | ????????????????# ????????????????????????? | | ????????????????# ###????????????????????????? | | ????????????????#######??????????????????????????? | | ?????????????????????????????????????????????????? | | ?????????????????????????????????????????????????? | | ?????????????????????????????????????????????????? | | | | | | | | | | | | | | | | | | | | | | | +----------------------------------------------------+ Best States ------------- Heat Dissipation 28 Energy Generation 10 Energy Capacity 125 Matter Stores 300 Matter Capacity 300 Sight Range 18 Robot Scan Range 14 Terrain Scan Density 10 Armor Coverage 150 Propulsion Shielding 33 Evasion (%) 50 Item Schematics ----------------- None Robot Schematics ------------------ None Fabricated ------------ Nothing Alien Tech Used ----------------- None Achievements -------------- First Step to Greatness Storm Trooper Challenges ------------ None Game ------ Seed AblativeFluxThruster Manual? 0 Play Time 00:43:43 Cumulative 0.6 hours Start 2024.07.05 @ 00:28:32 End 2024.07.05 @ 01:14:21 Sessions 1 Manual Loads 0 Difficulty Rogue Special Mode None Game No. 1 Rogue 1 Adventurer 0 Explorer 0 Win Type - Total 0 Types 0/0/0/0/0/0/0/0/0 Lore% 0 Gallery% 1 Achievement% 0 Wizard Run 0 Options --------- Layout 1 ASCII 0 Keyboard 0 Movement Mouse Keybinds 0 Fullscreen 1 Font 24/Smallcaps Map View 50x35 Zoom Use 0% Tactical HUD 0 Map Filters NONE Filters NONE Steam 0 RUN: 6b203c65-241c-4e3b-ac63-6eb7fa25c749